 Dungeon Crawl Stone Soup version 0.19-a0-1091-g463c9de (webtiles) character file.

149 Leszczynek the Cudgeler (level 5, -1/53 HPs)
             Began as an Ogre Conjurer on Aug 7, 2016.
             Slain by Edmund
             ... wielding a +0 flail of venom
              (5 damage)
             ... on level 4 of the Dungeon.
             The game lasted 00:06:47 (1265 turns).

Leszczynek the Cudgeler (Ogre Conjurer)             Turns: 1265, Time: 00:06:47

Health: -1/53      AC:  3    Str: 14    XL:     5   Next: 31%
Magic:  5/8        EV: 15    Int: 14    God:
Gold:   64         SH:  0    Dex: 15    Spells: 2 memorised, 5 levels left

rFire  . . .     SeeInvis .     d - +2 short sword (venom)
rCold  . . .     Gourm    .     a - +0 robe
rNeg   . . .     Faith    .     (no shield)
rPois  .         Spirit   .     (helmet restricted)
rElec  .         Dismiss  .     (no cloak)
rCorr  .         Reflect  .     (gloves unavailable)
SustAt .         Harm     .     (boots unavailable)
MR     .....                    (no amulet)
Stlth  +++.......               (no ring)
                                (no ring)

@: agile, lethally poisoned (-1 -> -7)
A: unfitting armour, tough skin 1
a: no special abilities


You were on level 4 of the Dungeon.
You were not hungry.

You visited 1 branch of the dungeon, and saw 5 of its levels.

You collected 64 gold pieces.

Inventory:

Hand Weapons
 d - a +2 short sword of venom (weapon)
 l - a +0 flail
 p - a +0 mace
Missiles
 e - 7 sling bullets
Armour
 a - a +0 robe (worn)
Scrolls
 j - a scroll of identify
 n - a scroll of magic mapping {unknown}
Potions
 g - 2 potions of flight
Books
 b - a book of Conjurations

   Spells                             Type                      Level
   a - Magic Dart                     Conjuration                  1
   b - Searing Ray                    Conjuration                  2
   c - Dazzling Spray                 Conjuration/Hexes            3
   d - Fulminant Prism                Conjuration/Hexes            4
   e - Iskenderun's Mystic Blast      Conjuration                  4
   f - Iskenderun's Battlesphere      Conjuration/Charms           5
Comestibles
 c - 3 bread rations
 f - 2 meat rations
 h - a slice of pizza
 k - a beef jerky
 m - 2 fruits


   Skills:
 - Level 3.0 Fighting
 * Level 5.4 Maces & Flails
 - Level 1.7 Dodging
 - Level 1.5 Stealth
 - Level 2.4 Spellcasting
 - Level 2.9 Conjurations


You had 5 spell levels left.
You knew the following spells:

 Your Spells              Type           Power        Failure   Level  Hunger
a - Magic Dart            Conj           ##..         10%         1    #......
b - Searing Ray           Conj           ##....       12%         2    ###....


Dungeon Overview and Level Annotations

Branches:
Dungeon (5/15)
 Temple: D:4-7

Altars:
Xom

Annotations:
D:4 Edmund with flail of venom, Edmund


Innate Abilities, Weirdness & Mutations

You are too large for most types of armour.
You have tough skin. (AC +1)


Message History

You feel sick.
* * * LOW HITPOINT WARNING * * *
You feel sick.
* * * LOW HITPOINT WARNING * * *
You feel sick.
* * * LOW HITPOINT WARNING * * *
You feel sick. Edmund misses you.
* * * LOW HITPOINT WARNING * * *
You feel sick. Edmund hits you with a flail of venom.
* * * LOW HITPOINT WARNING * * *
You hit Edmund.
Edmund looks as sick as possible!
Edmund is severely wounded.
* * * LOW HITPOINT WARNING * * *
You feel sick. Edmund closely misses you.
You closely miss Edmund.
Edmund is almost dead.
* * * LOW HITPOINT WARNING * * *
You feel sick. Edmund hits you with a flail of venom.
You die...

.#.# #........##.# .#.#
#........# .#.#
#........# .#.#
#####....#
.#.###############..)####
.#.<.)......#....#...#..
.#.########......#...#.#
# ##.# #...#..#..##.##.#
#.# #####.#..@#.>..)...#
#.# #.....###@....#.#####
#>#####.#####
#.....#.#... #.##....#
#.......#.# # #.##.####
#.........#.# #.##.#
#...........# #....#
#........#.## ######
####.....#.# ##.#### .


You could see Edmund.

Vanquished Creatures
  A scorpion (D:5)
  An orc wizard (D:4)
  An iguana (D:4)
  2 worms (D:3)
  3 dart slugs
  A giant gecko (D:4)
  8 orcs
  A goblin (D:3)
  2 hobgoblins
  A bat (D:3)
  A giant newt (D:2)
  3 kobolds
  3 rats (D:2)
28 creatures vanquished.

Notes
Turn   | Place    | Note
-------+----------+-------------------------------------------
     0 | D:1      | Leszczynek the Ogre Conjurer began the quest for the Orb.
     0 | D:1      | Reached XP level 1. HP: 16/16 MP: 3/3
    42 | D:1      | Reached skill level 1 in Fighting
   335 | D:2      | Reached skill level 2 in Fighting
   358 | D:3      | Found a shimmering altar of Xom.
   366 | D:3      | Reached XP level 2. HP: 18/28 MP: 0/5
   382 | D:2      | Reached skill level 1 in Maces & Flails
   538 | D:3      | Reached XP level 3. HP: 28/36 MP: 3/6
   595 | D:3      | Reached skill level 3 in Fighting
   698 | D:4      | Noticed Edmund
   731 | D:4      | Reached skill level 2 in Maces & Flails
   828 | D:4      | Reached skill level 3 in Maces & Flails
   828 | D:4      | Reached XP level 4. HP: 18/45 MP: 2/7
   922 | D:4      | Reached skill level 4 in Maces & Flails
   953 | D:5      | Entered Level 5 of the Dungeon
  1043 | D:5      | Reached skill level 5 in Maces & Flails
  1043 | D:5      | Reached XP level 5. HP: 20/53 MP: 5/8
  1047 | D:5      | Learned a level 2 spell: Searing Ray
  1264 | D:4      | HP: 5/53 [poisoned by Edmund]
  1265 | D:4      | Slain by Edmund

Vault maps used:
D:1:      minmay_arrival_up_and_down
D:2:      old_standard_altar
D:3:      minmay_misc_feat_diagonals, minmay_misc_feat_roman, xom_teletrap_fun
D:4:      first_bread, uniq_menkaure, uniq_edmund

Skill      XL: |  1  2  3  4 |
---------------+-------------+-----
Fighting       | 2 3 |  3.0
Maces & Flails | 1 3 5 |  5.4
Dodging        | |  1.7
Stealth        | |  1.5
Spellcasting   | |  2.4
Conjurations   | |  2.9

Action                   |  1- 3 |  4- 6 || total
-------------------------+-------+-------++-------
Melee: Short sword       |    37 |    22 ||    59
 Cast: Magic Dart        |    22 |     2 ||    24
       Searing Ray       |       |     1 ||     1
  Use: Scroll            |     3 |       ||     3
       Potion            |       |     3 ||     3
 Stab: Sleeping          |     1 |       ||     1
  Eat: Chunk             |       |     1 ||     1
       Pizza             |       |     1 ||     1
Armor: Robe              |     3 |     1 ||     4
Dodge: Dodged            |     9 |    15 ||    24
